AoeStats
← Red Calypso

Lombardia

507079378Analyzed
4v4 RM · 16d ago on Sep 16, 2026· 50m 31s· 8 players
Game mode
Random Map
Map size
Large (8 player)
Population
200
Speed
Normal
Resources
Standard
Victory
Conquest
Starting age
Dark Age
Ending age
Imperial Age
RankedLock teamsTeams togetherTeam positionsShared explorationLock speedFull tech treeHidden civsTurbo modeCheats
Victory
Defeat
🇧🇷 Magyars · Brazil
1509
+11
🇮🇹 Vikings · Italy
1504
+11
🇩🇪 Britons · Germany
1422
+14
🇨🇳 Huns · China
1403
+15
🇩🇪 Georgians · Germany
1441
-15
🇦🇹 Chinese · Austria
1426
-14
🇩🇪 Cumans · Germany
1399
-13
🇮🇹 Goths · Italy
1273
-9
pauljkrs
11:23 Feudal Age
11:35 Loom
17:07 Castle Age
15:12 Double-Bit Axe
23:36 Wheelbarrow
22:48 Horse Collar
25:47 Fletching
28:07 Hand Cart
27:52 Bodkin Arrow
33:13 Imperial Age
30:32 Town Watch
30:59 Bow Saw
30:50 Heavy Plow
30:41 Gold Mining
31:40 Padded Archer Armor
32:10 Ballistics
32:30 Masonry
33:48 Gold Shaft Mining
33:04 Stone Mining
34:01 Bracer
35:02 Chemistry
35:50 Two-Man Saw
35:22 Yeomen
35:21 Leather Archer Armor
36:26 Conscription
36:49 Ring Archer Armor
38:17 Architecture
37:30 Treadmill Crane
39:30 Elite Longbowman
40:47 Siege Engineers
43:28 Caravan
43:39 Guilds
45:25 Hoardings
48:41 Murder Holes
Perseu
5:59 Loom
8:59 Feudal Age
9:36 Double-Bit Axe
10:31 Horse Collar
19:38 Castle Age
17:35 Gold Mining
20:38 Bow Saw
23:24 Scale Barding Armor
31:58 Wheelbarrow
33:34 Fletching
34:22 Chain Barding Armor
34:19 Hand Cart
34:39 Bloodlines
34:30 Husbandry
39:48 Imperial Age
39:55 Cavalier
41:46 Plate Barding Armor
46:15 Town Watch
47:33 Two-Man Saw
46:34 Heavy Plow
47:44 Paladin
Les Choristes
7:23 Loom
9:54 Feudal Age
11:10 Double-Bit Axe
13:04 Horse Collar
14:24 Fletching
18:36 Wheelbarrow
22:26 Castle Age
20:43 Padded Archer Armor
22:26 Gold Mining
23:04 Bodkin Arrow
24:52 Bow Saw
25:29 Thumb Ring
25:34 Husbandry
27:54 Bloodlines
28:29 Ballistics
28:26 Leather Archer Armor
34:56 Heavy Plow
38:46 Gold Shaft Mining
44:14 Imperial Age
42:25 Stone Mining
46:11 Bracer
47:13 Chemistry
46:41 Parthian Tactics
46:39 Heavy Cavalry Archer
Nogard
6:45 Loom
9:31 Feudal Age
10:01 Double-Bit Axe
9:56 Horse Collar
18:01 Castle Age
16:04 Gold Mining
16:29 Stone Mining
18:56 Bow Saw
18:47 Heavy Plow
27:00 Gold Shaft Mining
26:12 Town Watch
26:40 Forging
26:30 Scale Mail Armor
28:39 Iron Casting
28:19 Chain Mail Armor
28:37 Chieftains
29:49 Fletching
30:01 Squires
29:47 Arson
33:46 Imperial Age
31:27 Town Patrol
32:48 Bodkin Arrow
33:05 Masonry
33:05 Gambesons
33:57 Treadmill Crane
34:15 Murder Holes
34:23 Padded Archer Armor
34:29 Elite Berserk
36:18 Blast Furnace
36:29 Plate Mail Armor
36:21 Conscription
35:59 Capped Ram
38:37 Chemistry
40:20 Bracer
40:36 Leather Archer Armor
40:57 Architecture
41:30 Two-Man Saw
40:21 Siege Ram
41:25 Siege Engineers
44:52 Ballistics
45:03 Ring Archer Armor
48:34 Architecture
Red Calypso
0:28 Loom
11:32 Feudal Age
12:28 Double-Bit Axe
17:21 Castle Age
18:30 Fletching
19:27 Bodkin Arrow
20:37 Padded Archer Armor
20:01 Elite Skirmisher
21:12 Horse Collar
27:28 Leather Archer Armor
33:00 Wheelbarrow
33:53 Bow Saw
33:51 Heavy Plow
34:06 Stone Mining
34:07 Gold Mining
35:04 Hand Cart
37:41 Fortified Wall
37:48 Masonry
40:46 Imperial Age
39:38 Ballistics
39:48 Scale Mail Armor
39:59 Forging
39:43 Crossbowman
41:07 Thumb Ring
41:33 Bracer
42:16 Conscription
43:07 Chemistry
43:48 Ring Archer Armor
42:43 Arbalester
49:35 Two-Man Saw
LukasPlanet
6:33 Loom
8:58 Feudal Age
10:05 Double-Bit Axe
10:01 Horse Collar
18:16 Wheelbarrow
22:23 Castle Age
21:39 Gold Mining
22:23 Scale Barding Armor
22:29 Forging
22:41 Bloodlines
23:27 Bow Saw
24:11 Chain Barding Armor
23:29 Light Cavalry
25:01 Heavy Plow
27:32 Gold Shaft Mining
26:48 Stone Mining
29:31 Iron Casting
29:58 Hand Cart
33:56 Town Watch
36:54 Imperial Age
35:36 Town Patrol
37:06 Stone Mining
37:34 Cavalier
38:59 Plate Barding Armor
39:24 Blast Furnace
40:11 Paladin
45:59 Hussar
Dekodie
7:06 Loom
8:55 Feudal Age
9:58 Double-Bit Axe
10:40 Horse Collar
17:45 Scale Barding Armor
18:11 Bloodlines
23:17 Castle Age
22:32 Forging
22:37 Gold Mining
24:15 Bow Saw
24:59 Chain Barding Armor
26:01 Wheelbarrow
27:19 Husbandry
32:13 Iron Casting
37:22 Imperial Age
36:03 Hand Cart
37:40 Cavalier
42:32 Plate Barding Armor
44:40 Conscription
44:26 Aznauri Cavalry
45:42 Blast Furnace
Dagoth_Ur
9:24 Loom
11:23 Feudal Age
17:21 Castle Age
16:40 Double-Bit Axe
16:48 Horse Collar
24:48 Bow Saw
27:48 Wheelbarrow
27:26 Heavy Plow
31:56 Imperial Age
32:02 Imperial Age
30:31 Hand Cart
30:07 Gold Mining
30:35 Anarchy
30:22 Pikeman
31:03 Squires
31:06 Scale Mail Armor
31:16 Forging
32:17 Stone Mining
33:58 Chain Mail Armor
34:19 Iron Casting
34:19 Town Watch
35:10 Conscription
37:26 Blast Furnace
36:26 Halberdier
37:38 Perfusion
38:31 Elite Huskarl
45:25 Capped Ram
Connection lost

Rejoining the realm…

Still unreachable

The connection could not be restored.

Session expired

The server has moved on; the page needs a fresh start.